 Dungeon Crawl Stone Soup version 0.32-a0-630-g46d191b0ed (webtiles) character file.

Game seed: 14953135986573627745

513 cforsyth the Grave Robber (level 7, -5/61 HPs)
             Began as a Mountain Dwarf Necromancer on Mar 6, 2024.
             Slain by an ogre
             ... wielding a +0 giant club
              (19 damage)
             ... on level 4 of the Dungeon.
             The game lasted 00:05:43 (4420 turns).

cforsyth the Grave Robber (MDNe)                    Turns: 4420, Time: 00:05:43

Health: -5/61      AC: 17    Str: 14    XL:     7   Next: 0%
Magic:  6/9        EV:  4    Int: 13    God:
Gold:   242        SH:  0    Dex: 10    Spells: 8/9 levels left

rFire   + . .        n - +5 falchion of Xariv {drain, rPois rF- Str+2 Stlth+}
rCold   . . .        (no shield)
rNeg    . . .        k - +6 plate armour of Hehuq {rF+ rCorr Int-3}
rPois   +            (no helmet)
rElec   .            (no cloak)
rCorr   +            (no gloves)
SInv    .            (no boots)
Will    .....        (no amulet) Stlth
                     F - ring of protection from fire
HPRegen 0.30/turn    (no ring)
MPRegen 0.11/turn

%: no passive effects
@: no status effects
A: runic magic, artefact enchanting
a: no special abilities


You were on level 4 of the Dungeon.
You visited 1 branch of the dungeon, and saw 4 of its levels.

You collected 242 gold pieces.


Innate Abilities, Weirdness & Mutations

Your spellcasting is much less encumbered by armour.
You can use scrolls of enchantment on lesser artefacts.


   Skills:
 + Level 5.0 Fighting
 + Level 2.8 Armour
 - Level 1.3 Dodging
 - Level 1.4 Stealth
 - Level 1.7 Spellcasting
 + Level 6.8 Necromancy


You had 8 spell levels left.
You knew the following spells:

 Your Spells              Type           Power      Damage    Failure   Level
X - Necrotise             Necr           76%        1d7       4%          1

Your spell library contained the following spells:

 Spells                   Type           Power      Damage    Failure   Level
 Vampiric Draining        Necr           19%        2d7       14%         3
 Animate Dead             Necr           19%        N/A       43%         4
 Magic Dart               Conj           4%         1d3       63%         1
 Blink                    Tloc           2%         N/A       77%         2
 Call Imp                 Summ           2%         N/A       77%         2
 Curse of Agony           Necr           19%        N/A       80%         5

Inventory:

Hand Weapons
 b - a +0 hand axe
 h - a +0 club
 n - the +5 falchion of Xariv (weapon) {drain, rPois rF- Str+2 Stlth+}
   (You found it on level 3 of the Dungeon)

   Str+2:     It affects your strength (+2).
   rF-:       It makes you vulnerable to fire.
   rPois:     It protects you from poison.
   Stlth+:    It makes you more stealthy.
Armour
 a - a +0 robe
 g - a +0 ring mail
 j - a +0 chain mail
 k - the +6 plate armour of Hehuq (worn) {rF+ rCorr Int-3}
   (You found it on level 3 of the Dungeon)

   Int-3:     It affects your intelligence (-3).
   rF+:       It protects you from fire.
   rCorr:     It protects you from acid and corrosion.
Jewellery
 F - a ring of protection from fire (left hand)
Wands
 p - a wand of mindburst (13)
Scrolls
 d - a scroll of vulnerability {unknown}
 e - a scroll of amnesia {unknown}
 i - 4 scrolls of enchant armour {unknown}
 l - 2 scrolls of torment {unknown}
 m - 2 scrolls of teleportation {unknown}
 q - a scroll of revelation {unknown}
Potions
 c - a potion of haste {unknown}
 f - a potion of heal wounds {unknown}
 o - a potion of curing {unknown}

Dungeon Overview and Level Annotations

Branches:
Dungeon (4/15)             Temple (0/1) D:4

Altars:

▒▒........▒▒▒▒.▒.▒
▒...........▒▒.▒ ▒
▒..▒▒▒▒▒▒.▒.▒▒.▒.▒ ▒..▒
▒.▒.▒▒.▒.▒ ▒..▒
▒.▒.▒....▒
...▒▒▒▒▒▒.▒.▒..▒▒▒
▒.......▒.▒.▒..▒
...▒▒▒▒<▒.▒.▒..▒▒▒▒▒▒▒▒
...▒▒▒▒.........@.....▒
..▒▒▒....▒......O.....▒
........▒▒▒..#.#.#.#..▒
......Z..▒...........▒▒
.▒▒▒▒.▒▒▒.▒..#.#.#.#.▒
▒▒▒.▒..............▒
.▒▒...▒.▒▒▒▒.#.#.#.#.▒
.....................▒
.▒▒..)▒......#.#.#.#.▒


You could see an ogre (drained).


Message History

You can't see any susceptible monsters within range! (Use Z to cast anyway.)
The ogre writhes in agony.
The ogre barely resists.
You miscast Necrotise.
You are very lightly contaminated with residual magic.
Nothing appears to happen.
The ogre barely resists.
You barely miss the ogre.
The ogre is lightly wounded.
The ogre hits you with a +0 giant club!
You closely miss the ogre.
The ogre is lightly wounded.
The ogre hits you with a +0 giant club!!
* * * LOW HITPOINT WARNING * * *
You barely miss the ogre.
The ogre is lightly wounded.
You hit the ogre. You drain the ogre.
The ogre is moderately wounded.
The ogre hits you with a +0 giant club.
* * * LOW HITPOINT WARNING * * *
Your magical contamination has completely faded away.
Unknown command.
You hit the ogre.
The ogre is heavily wounded.
The ogre hits you with a +0 giant club!
* * * LOW HITPOINT WARNING * * *
You slash the ogre!
The ogre is severely wounded.
The ogre hits you with a +0 giant club!!
You die...

Skill      XL: |  1  2  3  4  5  6 |
---------------+-------------------+-----
Fighting       | 1 2 3 4 5 |  5.0
Necromancy     | 5 6 |  6.8
Armour         | 1 2 |  2.8
Dodging        | |  1.3
Stealth        | |  1.4
Spellcasting   | |  1.7

Action                     |  1- 3 |  4- 6 |  7- 9 || total
---------------------------+-------+-------+-------++-------
  Melee: Unarmed           |    16 |       |       ||    16
         Club              |    20 |    23 |       ||    43
         Falchion          |       |    34 |     6 ||    40
   Cast: Necrotise         |    55 |   142 |     3 ||   200
    Use: Potion            |       |     1 |       ||     1
 Armour: Ring mail         |    21 |    26 |       ||    47
         Robe              |     7 |       |       ||     7
         Plate armour      |       |   101 |     5 ||   106
         Chain mail        |       |     2 |       ||     2
  Dodge: Dodged            |    34 |    41 |       ||    75

Levels and vault maps discovered:
D:1:      minmay_arrival_diagonal_passages, layout_basic,
          shapermc_ecumenical_altar_petra
D:2:      layout_loops_ring, lightli_corner_chamber, uniq_terence
D:3:      layout_rooms, uniq_ijyb
D:4:      layout_loops_ring, minmay_temple_entry_butterflies, serial_glass,
          glass_columns_b, glass_columns_a, glass_columns_c, glass_columns_a,
          glass_columns_b, glass_columns_a, glass_columns_c, glass_columns_a,
          kennysheep_generic_room_14, uniq_blork_the_orc, uniq_eustachio

Notes
Turn   | Place    | Note
-------+----------+-------------------------------------------
     0 | D:1      | cforsyth the Mountain Dwarf Necromancer began the quest for
                  | the Orb.
     0 | D:1      | Reached XP level 1. HP: 14/14 MP: 3/3
   231 | D:1      | Reached skill level 1 in Fighting
   372 | D:1      | Reached XP level 2. HP: 23/23 MP: 1/4
   738 | D:1      | Found a faded altar of an unknown god.
  1519 | D:2      | Reached skill level 2 in Fighting
  1519 | D:2      | Reached skill level 5 in Necromancy
  1519 | D:2      | Reached XP level 3. HP: 25/29 MP: 0/5
  1833 | D:2      | Reached XP level 4. HP: 37/37 MP: 1/6
  1915 | D:2      | Reached skill level 3 in Fighting
  2385 | D:2      | Noticed Terence
  2396 | D:2      | Killed Terence
  2397 | D:2      | Reached XP level 5. HP: 12/46 MP: 4/7
  2767 | D:2      | Reached skill level 6 in Necromancy
  2828 | D:3      | Identified the +6 plate armour of Hehuq {rF+ rCorr Int-3}
  2936 | D:3      | Identified the +5 falchion of Xariv {drain, rPois rF- Str+2
                  | Stlth+}
  3105 | D:3      | Reached skill level 4 in Fighting
  3209 | D:3      | Reached skill level 1 in Armour
  3288 | D:3      | Reached XP level 6. HP: 52/52 MP: 2/8
  3656 | D:3      | Noticed Ijyb
  3663 | D:3      | Killed Ijyb
  3895 | D:4      | Reached skill level 2 in Armour
  4247 | D:4      | Reached skill level 5 in Fighting
  4247 | D:4      | Reached XP level 7. HP: 61/61 MP: 9/9
  4282 | D:4      | Found a staircase to the Ecumenical Temple.
  4420 | D:4      | Slain by an ogre

Vanquished Creatures
  A phantom (D:4)
  An iguana (D:4)
  Ijyb (D:3)
  Terence (D:2)
  5 orc wizards
  6 gnolls
  8 adders
  3 dart slugs
  2 ribbon worms
  21 orcs
  4 bats
  5 endoplasms
  3 giant cockroaches
  7 goblins
  6 hobgoblins
  2 jackals (D:2)
  A quokka (D:3)
  A ball python (D:1)
  2 frilled lizards (D:3)
  2 kobolds
  3 rats
85 creatures vanquished.

Vanquished Creatures (collateral kills)
  2 rats
2 creatures vanquished.

Grand Total: 87 creatures vanquished

Table legend: (Time is in decaauts)
 A = Elapsed time spent in this place.
 B = Non-inter-level travel time spent in this place.
 C = Inter-level travel time spent in this place.
 D = Time resting spent in this place.
 E = Time spent auto-exploring this place.
 F = Levels seen in this place.
 G = Mean time per level.
                   A        B        C        D        E       F      G
               +--------+--------+--------+--------+--------+-----+--------+
         Total |   4445 |   4368 |     77 |    318 |   3210 |   4 | 1111.2 |
       Dungeon |   4445 |   4368 |     77 |    318 |   3210 |   4 | 1111.2 |
               +--------+--------+--------+--------+--------+-----+--------+

Top non-repeatable levels by time:
     D:1: 1502 daAuts
     D:2: 1399 daAuts
     D:3: 1004 daAuts
     D:4: 539 daAuts

Table legend:
 A = Non-vault XP
 B = Vault XP
 C = Vault XP percentage of total XP
 D = Non-vault monster count
 E = Vault monster count
 F = Vault count percentage of total count
                 A         B        C        D         E       F
            +---------+---------+-------+---------+---------+-------
      Total |     662 |      72 |   9.8 |      85 |       2 |   2.3
            +---------+---------+-------+---------+---------+-------
        D:1 |      38 |       0 |   0.0 |      13 |       0 |   0.0
        D:2 |     166 |      36 |  17.8 |      29 |       1 |   3.3
        D:3 |     194 |      36 |  15.7 |      26 |       1 |   3.7
        D:4 |     264 |       0 |   0.0 |      17 |       0 |   0.0
            +---------+---------+-------+---------+---------+-------
